 Dungeon Crawl Stone Soup version 0.22.1-5-g62c59d919a (webtiles) character file.

5303 SeriosSam the Grappler (level 10, 0/94 HPs)
             Began as a Troll Monk on Jan 15, 2019.
             Slain by an eight-headed hydra (10 damage)
             ... on level 1 of the Lair of Beasts.
             The game lasted 00:45:09 (8585 turns).

SeriosSam the Grappler (Troll Monk)                 Turns: 8585, Time: 00:45:09

Health: 0/94       AC:  7    Str: 21    XL:     10   Next: 37%
Magic:  9/9        EV: 13    Int:  7    God:
Gold:   233        SH:  4    Dex: 14    Spells: 4/9 levels left

rFire    . . .     SeeInvis .     - Unarmed
rCold    . . .     Gourm    +   (no shield)
rNeg     . . .     Faith    .   j - +2 animal skin
rPois    .         Spirit   .   (helmet restricted)
rElec    .         Reflect  +   (no cloak)
rCorr    +         Harm     .   (gloves unavailable)
MR       .....                  (boots unavailable)
Stlth    ++........             h - +4 amulet of reflection
HPRegen  0.65/turn              e - ring of resist corrosion
MPRegen  0.11/turn              (no ring)

@: no status effects
A: large, unfitting armour, claws 3, fast metabolism 3, gourmand, regeneration
1, shaggy fur 1, tough skin 2
a: no special abilities


You were on level 1 of the Lair of Beasts.
You were not hungry.

You visited 3 branches of the dungeon, and saw 10 of its levels.

You collected 508 gold pieces.
You spent 275 gold pieces at shops.

Inventory:

Hand Weapons
 i - a +6 club
Armour
 j - a +2 animal skin (worn)
Jewellery
 e - a ring of resist corrosion (left claw)
 h - a +4 amulet of reflection (around neck)
 p - a +2 ring of intelligence
Wands
 k - a wand of iceblast (6)
 v - a wand of polymorph (17)
Scrolls
 g - a scroll of amnesia
 n - a scroll of fog
 r - 4 scrolls of remove curse
Potions
 d - a potion of flight
 m - 3 potions of mutation
 u - a potion of haste
Comestibles
 t - 5 rations


   Skills:
 + Level 4.4 Fighting
 + Level 6.8 Dodging
 - Level 1.0 Stealth
 + Level 12.7 Unarmed Combat


You had 4 spell levels left.
You knew the following spells:

 Your Spells              Type           Power        Failure   Level  Hunger
a - Blade Hands           Tmut           #.........   100%        5    ######.

Your spell library contained the following spells:

 Spells                   Type           Power        Failure   Level  Hunger
 Beastly Appendage        Tmut           #.....       43%         1    ##.....
 Sticks to Snakes         Tmut           #.......     56%         2    ###....
 Spider Form              Tmut/Pois      #.........   80%         3    ####...
 Ice Form                 Ice/Tmut       #.......     99%         4    #####..


Dungeon Overview and Level Annotations

Branches:
Dungeon (8/15)             Temple (1/1) D:7            Lair (1/6) D:8

Altars:
Ashenzari
Cheibriados
Dithmenos
Elyvilon
Fedhas
Gozag
Kikubaaqudgha
Makhleb
Nemelex Xobeh
Okawaru
Qazlal
Ru
Sif Muna
Trog
Uskayaw
Vehumet
Wu Jian
Xom
Yredelemnul
Zin
The Shining One

Shops:
D:8 *

Portals:
Ice
Cave: Lair:1


Innate Abilities, Weirdness & Mutations

You are too large for most types of armour.
You have claws for hands.
Your metabolism is lightning-fast.
You like to eat raw meat.
Your natural rate of healing is unusually fast.
You are covered in fur. (AC +1)
You have very tough skin. (AC +2)


Message History

The eight-headed hydra closely misses you.
You block the eight-headed hydra's attack.
The eight-headed hydra bites you!!
* * * LOW HITPOINT WARNING * * *
The eight-headed hydra barely misses you. x2
The eight-headed hydra closely misses you.
The eight-headed hydra misses you.
There is a staircase back to the Dungeon, spattered with blood here.
The eight-headed hydra bites you!
* * * LOW HITPOINT WARNING * * *
The eight-headed hydra closely misses you.
You block the eight-headed hydra's attack.
The eight-headed hydra bites you!
* * * LOW HITPOINT WARNING * * *
The eight-headed hydra bites you.
* * * LOW HITPOINT WARNING * * *
The eight-headed hydra bites you but does no damage.
The eight-headed hydra completely misses you.
The eight-headed hydra bites you!
You die...

##.........# ###
#####..........#####
##.######.##............##.###
#..........#.....##.....(...#.
#....#............[...........
#...##P[......................
#...###......................รท
#...........D.................
#............@................
#.>.....................#...##
##(##.######...........P##.###
###### ##.........######
##.........# #........##
#..........# #...........
.............


You could see an eight-headed hydra.

Vanquished Creatures
  Pikel (D:4)
  Joseph (D:7)
  Psyche (D:8)
  A hippogriff (D:8)
  Sigmund (D:3)
  A spriggan (D:7)
  A water moccasin (Lair:1)
  A porcupine (Lair:1)
  An ice beast (D:8)
  2 orc warriors (D:8)
  A slave (D:4)
  A phantom (D:5)
  2 sky beasts
  3 ogres
  A necrophage (D:6)
  3 centaurs
  3 big kobolds
  5 bullfrogs
  2 gnoll sergeants (D:7)
  A wyvern skeleton (D:6)
  2 scorpions
  A water moccasin skeleton (D:6)
  3 killer bees (D:8)
  3 wights (D:4)
  3 crimson imps
  2 bullfrog zombies
  5 hounds
  An orc priest (D:8)
  Jessica (D:3)
  3 iguanas
  5 orc wizards
  7 worker ants
  A hound skeleton (D:8)
  2 howler monkey zombies (D:8)
  2 worker ant zombies (D:5)
  Robin (D:3)
  14 adders
  10 gnolls
  2 shadow imps
  12 white imps (Lair:1)
  3 oozes
  3 worms
  6 dart slugs
  6 leopard geckos
  18 orcs
  4 giant cockroaches
  13 goblins
  6 hobgoblins
  3 quokkas
  3 ball pythons (D:3)
  A ball python zombie (D:5)
  10 bats
  4 frilled lizards
  2 jackal skeletons
  20 kobolds
  A leopard gecko skeleton (D:8)
  9 rats
225 creatures vanquished.

Vanquished Creatures (others)
  A frilled lizard (D:4)
1 creature vanquished.

Grand Total: 226 creatures vanquished

Notes
Turn   | Place    | Note
-------+----------+-------------------------------------------
     0 | D:1      | SeriosSam the Troll Monk began the quest for the Orb.
     0 | D:1      | Reached XP level 1. HP: 22/22 MP: 0/0
    90 | D:1      | Reached XP level 2. HP: 19/29 MP: 1/1
   457 | D:1      | Reached XP level 3. HP: 34/36 MP: 2/2
   747 | D:2      | Found a white marble altar of Elyvilon.
   749 | D:2      | Found an ancient bone altar of Kikubaaqudgha.
   749 | D:2      | Found a bloodstained altar of Trog.
   751 | D:2      | Found a stormy altar of Qazlal.
   751 | D:2      | Found a shimmering altar of Xom.
   751 | D:2      | Found a bloodstained altar of Trog.
   827 | D:2      | Found a shadowy altar of Dithmenos.
  1023 | D:2      | Reached skill level 4 in Unarmed Combat
  1023 | D:2      | Reached XP level 4. HP: 40/44 MP: 3/3
  1259 | D:2      | Found a glowing silver altar of Zin.
  1519 | D:3      | Noticed Robin
  1525 | D:3      | Noticed Jessica
  1584 | D:3      | Reached XP level 5. HP: 9/52 MP: 4/4
  1698 | D:3      | Killed Jessica
  1776 | D:3      | Killed Robin
  1820 | D:3      | Noticed Sigmund
  1843 | D:3      | Killed Sigmund
  1843 | D:3      | Reached skill level 5 in Unarmed Combat
  1843 | D:3      | Reached XP level 6. HP: 23/61 MP: 5/5
  2199 | D:3      | Found a sacrificial altar of Ru.
  2204 | D:3      | Reached skill level 6 in Unarmed Combat
  2486 | D:4      | Reached XP level 7. HP: 37/67 MP: 6/6
  2760 | D:4      | Reached skill level 7 in Unarmed Combat
  3014 | D:4      | Noticed Pikel
  3028 | D:4      | Killed Pikel
  3028 | D:4      | Reached skill level 8 in Unarmed Combat
  3028 | D:4      | Reached XP level 8. HP: 52/75 MP: 7/7
  3205 | D:4      | Found an ornate altar of the Wu Jian Council.
  3205 | D:4      | Found a hide-covered altar of Uskayaw.
  3756 | D:5      | Entered Level 5 of the Dungeon
  4066 | D:5      | Reached skill level 9 in Unarmed Combat
  4371 | D:5      | Found a deep blue altar of Sif Muna.
  4519 | D:5      | Reached skill level 5 in Dodging
  4793 | D:6      | Found a blossoming altar of Fedhas.
  4838 | D:6      | Found a shattered altar of Ashenzari.
  4854 | D:6      | Reached skill level 10 in Unarmed Combat
  5090 | D:6      | Reached XP level 9. HP: 80/83 MP: 8/8
  5432 | D:7      | Noticed Joseph
  5560 | D:7      | Killed Joseph
  5565 | D:7      | Reached skill level 11 in Unarmed Combat
  5801 | D:7      | Found a staircase to the Ecumenical Temple.
  5823 | Temple   | Entered the Ecumenical Temple
  6162 | D:7      | Found a basalt altar of Yredelemnul.
  6535 | D:8      | Found a staircase to the Lair.
  6553 | D:8      | Noticed Psyche
  6591 | D:8      | Killed Psyche
  6591 | D:8      | Reached skill level 12 in Unarmed Combat
  6706 | D:8      | Found a shadowy altar of Dithmenos.
  6731 | D:8      | Reached XP level 10. HP: 47/92 MP: 9/9
  6906 | D:8      | Found Dojys's Changing Room.
  6974 | D:8      | HP: 1/92 [orc warrior/halberd (20)]
  7241 | D:8      | Bought a book of Changes for 275 gold pieces
  7247 | D:8      | Learned a level 5 spell: Blade Hands
  7679 | D:8      | Found a bloodstained altar of Trog.
  7849 | D:8      | Found a radiant altar of Vehumet.
  8106 | Lair:1   | Entered Level 1 of the Lair of Beasts
  8192 | Lair:1   | Found a frozen archway.
  8482 | Lair:1   | Noticed a seven-headed hydra
  8585 | Lair:1   | Slain by an eight-headed hydra

Skill      XL: |  1  2  3  4  5  6  7  8  9 |
---------------+----------------------------+-----
Dodging        | 3 4 5 6 |  6.8
Unarmed Combat | 4 5 6 8 10 12 | 12.7
Fighting       | 3 4 |  4.4
Stealth        | |  1.0

Action                   |  1- 3 |  4- 6 |  7- 9 | 10-12 || total
-------------------------+-------+-------+-------+-------++-------
Melee: Unarmed           |   101 |   146 |   278 |   181 ||   706
       Punch             |     3 |     1 |    11 |     8 ||    23
  Use: Scroll            |     8 |     2 |     4 |     7 ||    21
       Potion            |       |     5 |     1 |     4 ||    10
 Stab: Sleeping          |     4 |       |     2 |     2 ||     8
       Paralysed         |       |     1 |       |       ||     1
  Eat: Ration            |     2 |     5 |     5 |       ||    12
       Chunk             |       |     1 |    25 |    10 ||    36
Armor: Robe              |    43 |    17 |       |       ||    60
       Animal skin       |       |    22 |    49 |    52 ||   123
Dodge: Dodged            |    79 |    86 |   116 |   125 ||   406
Block: Other             |     6 |    27 |    39 |    38 ||   110
       Reflection        |       |     1 |       |     1 ||     2
